 Dungeon Crawl Stone Soup version 0.30-a0-1164-ge08a67761e (webtiles) character file.

Game seed: 9816678339070668246

3295 backslashecho the Magician (level 10, -4/77 HPs)
             Began as a Gnoll Warper on Apr 29, 2023.
             Was a Believer of Cheibriados.
             Killed from afar by an acid dragon (26 damage)
             ... with a splash of acid
             ... on level 7 of the Dungeon.
             The game lasted 00:29:23 (8227 turns).

backslashecho the Magician (Gnoll Warper)           Turns: 8227, Time: 00:29:23

Health: -4/77      AC:  7    Str: 17    XL:     10   Next: 1%
Magic:  18/20      EV: 20    Int: 20    God:    Cheibriados [**....]
Gold:   378        SH:  0    Dex: 17    Spells: 3/23 levels left

rFire   . .          .
                       - Unarmed
rCold   . . .        (no shield)
rNeg    . . .        a - +0 leather armour
rPois   .            (no helmet)
rElec   .            (no cloak)
rCorr   .            i - +2 pair of gloves
SInv    .            (no boots)
Will    .....        v - amulet of the acrobat
Stlth   +++          d - +5 ring of evasion
HPRegen 0.32/turn    k - +4 ring of protection
MPRegen 0.17/turn

%: acrobat
@: corroded, immotile, very slow
A: fangs 1, strong nose, distributed training
a: Renounce Religion, Bend Time


You were on level 7 of the Dungeon.
You worshipped Cheibriados.
Cheibriados was pleased with you.
You visited 2 branches of the dungeon, and saw 9 of its levels.
You also visited: Ossuary and Bailey.

You collected 378 gold pieces.

Inventory:

Hand Weapons
 b - a +2 halberd of electrocution
Missiles
 c - 2 boomerangs of dispersal
 e - 5 poisoned darts (quivered)
 o - 9 boomerangs
 t - 2 javelins
Armour
 a - a +0 leather armour (worn)
 i - a +2 pair of gloves (worn)
Jewellery
 d - a +5 ring of evasion (left hand)
 k - a +4 ring of protection (right hand)
 v - an amulet of the acrobat (around neck)
Wands
 G - a wand of flame (14)
 H - a wand of mindburst (9)
 I - a wand of polymorph (5)
Scrolls
 h - a scroll of immolation
 j - a scroll of amnesia
 m - 2 scrolls of fog
 p - 2 scrolls of enchant weapon
 r - 2 scrolls of vulnerability {unknown}
 s - 2 scrolls of blinking
 u - 2 scrolls of noise {unknown}
 w - 4 scrolls of teleportation {unknown}
 y - a scroll of enchant armour {unknown}
 D - a scroll of magic mapping
Potions
 f - 3 potions of mutation
 g - 4 potions of curing
 l - 5 potions of resistance
 n - 4 potions of magic {unknown}
 x - 6 potions of heal wounds
 z - 2 potions of brilliance
 A - 2 potions of ambrosia
 B - a potion of flight {unknown}
 C - 2 potions of cancellation {unknown}
 F - 2 potions of invisibility {unknown}


   Skills:
 + Level 6.8 Fighting
 + Level 5.0 Short Blades
 + Level 5.0 Long Blades
 + Level 5.0 Axes
 + Level 5.0 Maces & Flails
 + Level 5.0 Polearms
 + Level 5.0 Staves
 + Level 5.0 Ranged Weapons
 + Level 5.6 Throwing
 + Level 5.6 Armour
 + Level 6.8 Dodging
 + Level 5.0 Stealth
 + Level 5.0 Shields
 + Level 6.8 Unarmed Combat
 + Level 7.1 Spellcasting
 + Level 4.1 Conjurations
 + Level 4.1 Hexes
 + Level 4.1 Summonings
 + Level 4.1 Necromancy
 + Level 6.9 Translocations
 + Level 4.1 Transmutations
 + Level 4.1 Fire Magic
 + Level 4.1 Ice Magic
 + Level 4.1 Air Magic
 + Level 4.1 Earth Magic
 + Level 4.1 Poison Magic
 + Level 5.4 Invocations
 + Level 5.0 Evocations


You had 3 spell levels left.
You knew the following spells:

 Your Spells              Type           Power      Damage    Failure   Level
a - Momentum Strike       Conj/Tloc      58%        3d9       1%          2
b - Blink                 Tloc           68%        N/A       1%          2
c - Lesser Beckoning      Tloc           68%        N/A       1%          2
d - Vhi's Electric Charg  Tloc/Air       58%        N/A       3%          3
e - Teleport Other        Tloc           34%        N/A       1%          3
f - Stone Arrow           Conj/Erth      46%        3d9       6%          3
g - Blade Hands           Tmut           11%        N/A       50%         5

Your spell library contained the following spells:

 Spells                   Type           Power      Damage    Failure   Level
 Sandblast                Erth           46%        2d11      1%          1
 Passwall                 Tmut/Erth      19%        N/A       3%          2
 Portal Projectile        Hex/Tloc       58%        N/A       3%          3
 Ignite Poison            Fire/Tmut/Pois 23%        N/A       6%          3
 Inner Flame              Hex/Fire       23%        N/A       6%          3
 Summon Guardian Golem    Hex/Summ       23%        N/A       6%          3
 Manifold Assault         Tloc           34%        N/A       6%          4
 Sticky Flame             Conj/Fire      23%        2d4       21%         4
 Orb of Destruction       Conj           11%        9d6       100%        7
 Spellforged Servitor     Conj/Summ      11%        N/A       100%        7
 Ignition                 Fire           11%        3d5       100%        8


Dungeon Overview and Level Annotations

Branches:
Dungeon (8/15)             Temple (1/1) D:5         Ossuary (visited)
 Bailey (visited)
   Lair: D:8-11

Altars:
Cheibriados
Dithmenos
Fedhas
Gozag
Hepliaklqana
Kikubaaqudgha
Makhleb
Nemelex Xobeh
Okawaru
Qazlal
Ru
Trog
Uskayaw
Vehumet
Wu Jian
Xom
Zin
The Shining One

Annotations:
D:3 3 runed translucent doors, SkeletonJelly's ghost, amateur MiFi
D:4 Sigmund


Innate Abilities, Weirdness & Mutations

You have very sharp teeth.
Your uncanny sense of smell can sniff out nearby items.
Your experience applies equally to all skills.


Message History

There is a stone staircase leading down here.
You take 22 damage, and have 46/77 hp.
MASSIVE DAMAGE!!
Unknown command.
Unknown command.
Unknown command.
You barely miss the acid dragon.
You punch the acid dragon, but do no damage.
The acid dragon bites you!
The acid dragon claws you but does no damage.
You take 12 damage, and have 34/77 hp.
You barely miss the acid dragon. The acid dragon completely misses you.
The acid dragon misses you.
You barely miss the acid dragon. The acid dragon bites you!
The acid dragon closely misses you.
You take 7 damage, and have 27/77 hp.
Casting: Blade Hands (quite dangerous; 50% risk of failure)
Confirm with . or Enter, or press ? or * to list all spells.
Aiming: Momentum Strike (safe; 1% risk of failure)
Press: ? - help, Dir - move target, f - acid dragon
Aim: an acid dragon (74% to hit)
The concentrated momentum hits the acid dragon!!
The acid dragon is severely wounded.
You are unable to move.
The acid dragon barely misses you.
The acid dragon claws you but does no damage.
You now have 18/20 mp.
You hit the acid dragon but do no damage.
You bite the acid dragon, but do no damage.
The acid dragon is severely wounded.
You punch the acid dragon!
The acid dragon is almost dead.
The acid dragon bites you.
* * * LOW HITPOINT WARNING * * *
The acid dragon misses you.
You take 6 damage, and have 21/77 hp.
You barely miss the acid dragon.
You punch the acid dragon, but do no damage.
The acid dragon is almost dead.
The acid dragon spits acid at you. The splash of acid hits you!!
You die...

## .#
############### .#
#.............# .#
#.###########.#
.##### #.# #.#
.#...# #.# #.#
.#...# #.# #.#
.#...###########.#
#.#
.'...........)..@#
#.#
##...###########D#
#.# #...# #.# #.#
#...# #.# #.#
###..# ####### #.#
..#### ###....##
#.# ....##
##.......# #.#
#....# #....###.##
#.#
###..####..###....#
#.#


You could see an acid dragon (catching breath).

Vanquished Creatures
  Pikel (D:7)
  A kobold demonologist (D:6)
  Prince Ribbit (D:5)
  2 yaks (D:7)
  Edmund (D:5)
  A water moccasin (D:7)
  An orc warrior (Bailey)
  A lemure (D:7)
  2 bullfrogs (D:7)
  11 scorpions
  2 centaur zombies (Ossuary)
  3 human zombies (Ossuary)
  4 hounds
  3 jellies
  An orc priest (D:6)
  2 scorpion zombies (Ossuary)
  8 orc wizards
  4 mummies
  11 gnolls
  3 adders
  A shadow imp (D:6)
  A white imp (D:6)
  4 dart slugs
  37 orcs
  3 bats
  11 endoplasms
  5 giant cockroaches
  5 gnoll zombies (Ossuary)
  6 hobgoblins
  7 quokkas
  7 ball pythons
  4 frilled lizards
  4 goblins
  3 goblin zombies (Ossuary)
  2 hobgoblin zombies
  8 kobolds
  2 kobold zombies (Ossuary)
  An orc zombie (D:5)
  4 rats
178 creatures vanquished.

Vanquished Creatures (others)
  An orc wizard (D:5)
  2 plants (D:5)
3 creatures vanquished.

Grand Total: 181 creatures vanquished

Notes
Turn   | Place    | Note
-------+----------+-------------------------------------------
     0 | D:1      | backslashecho the Gnoll Warper began the quest for the Orb.
     0 | D:1      | Reached XP level 1. HP: 20/20 MP: 6/6
   213 | D:1      | Reached XP level 2. HP: 26/26 MP: 7/7
   402 | D:1      | Reached skill level 5 in Spellcasting
   402 | D:1      | Reached XP level 3. HP: 22/31 MP: 7/9
   506 | D:1      | Reached skill level 1 in Invocations
   902 | D:1      | Reached skill level 1 in Short Blades
   902 | D:1      | Reached skill level 1 in Long Blades
   902 | D:1      | Reached skill level 1 in Axes
   902 | D:1      | Reached skill level 1 in Maces & Flails
   902 | D:1      | Reached skill level 1 in Polearms
   902 | D:1      | Reached skill level 1 in Staves
   902 | D:1      | Reached skill level 1 in Ranged Weapons
   902 | D:1      | Reached skill level 1 in Stealth
   902 | D:1      | Reached skill level 1 in Shields
   902 | D:1      | Reached skill level 1 in Evocations
  1390 | D:2      | Learned a level 2 spell: Lesser Beckoning
  1393 | D:2      | Learned a level 2 spell: Blink
  1396 | D:2      | Learned a level 2 spell: Momentum Strike
  1405 | D:2      | Reached XP level 4. HP: 37/38 MP: 11/11
  2029 | D:3      | Found a faded altar of an unknown god.
  2055 | D:3      | Found a runed translucent gate.
  2055 | D:3      | Found a runed translucent gate.
  2205 | D:3      | Found an opulent altar of Gozag.
  2206 | D:3      | Found a runed translucent gate.
  2208 | D:3      | Noticed SkeletonJelly's ghost (amateur MiFi)
  2650 | D:4      | Found a hazy altar of Hepliaklqana.
  2732 | D:4      | Found a shadowy altar of Dithmenos.
  2764 | D:4      | Reached skill level 1 in Conjurations
  2764 | D:4      | Reached skill level 1 in Hexes
  2764 | D:4      | Reached skill level 1 in Summonings
  2764 | D:4      | Reached skill level 1 in Necromancy
  2764 | D:4      | Reached skill level 1 in Transmutations
  2764 | D:4      | Reached skill level 1 in Fire Magic
  2764 | D:4      | Reached skill level 1 in Ice Magic
  2764 | D:4      | Reached skill level 1 in Air Magic
  2764 | D:4      | Reached skill level 1 in Earth Magic
  2764 | D:4      | Reached skill level 1 in Poison Magic
  2893 | D:4      | Reached XP level 5. HP: 32/43 MP: 9/12
  3279 | D:4      | Noticed an ogre
  3283 | D:4      | HP: 1/43 [ogre/+0 giant club (23)]
  3294 | D:4      | Noticed Sigmund
  3509 | D:5      | Entered Level 5 of the Dungeon
  3509 | D:5      | Noticed Edmund
  3509 | D:5      | Noticed a troll
  3645 | D:5      | Noticed Prince Ribbit
  3658 | D:5      | Learned a level 3 spell: Teleport Other
  3790 | D:5      | Found a sand-covered staircase.
  3801 | Ossuary  | Entered an ossuary
  3841 | Ossuary  | Reached skill level 5 in Fighting
  3841 | Ossuary  | Reached skill level 5 in Dodging
  3841 | Ossuary  | Reached skill level 5 in Unarmed Combat
  3841 | Ossuary  | Reached XP level 6. HP: 51/51 MP: 11/14
  4125 | Ossuary  | Reached XP level 7. HP: 56/56 MP: 15/15
  4725 | Ossuary  | Reached XP level 8. HP: 21/63 MP: 16/16
  5078 | D:5      | Found a staircase to the Ecumenical Temple.
  5098 | D:5      | Reached skill level 6 in Spellcasting
  5108 | Temple   | Entered the Ecumenical Temple
  5162 | Temple   | Became a worshipper of Cheibriados the Contemplative
  5566 | D:5      | Found a stormy altar of Qazlal.
  5643 | D:5      | Killed Edmund
  6189 | D:5      | Killed Prince Ribbit
  6260 | D:6      | Noticed a kobold demonologist
  6282 | D:6      | Killed a kobold demonologist
  6283 | D:6      | Reached XP level 9. HP: 54/69 MP: 18/18
  6287 | D:6      | Learned a level 3 spell: Vhi's Electric Charge
  6291 | D:6      | Learned a level 3 spell: Stone Arrow
  6396 | D:6      | Reached * piety under Cheibriados
  6903 | D:7      | Reached skill level 5 in Throwing
  6903 | D:7      | Reached skill level 5 in Armour
  7061 | D:7      | Noticed Pikel
  7090 | D:7      | Killed Pikel
  7091 | D:7      | Reached skill level 5 in Invocations
  7450 | D:7      | Found a sacrificial altar of Ru.
  7510 | D:7      | Found a shimmering altar of Xom.
  7625 | D:7      | Reached skill level 7 in Spellcasting
  7699 | D:8      | Reached ** piety under Cheibriados
  7738 | D:8      | Found a flagged portal.
  7747 | Bailey   | Entered a bailey
  7957 | Bailey   | Identified a scroll of acquirement
  7957 | Bailey   | Acquired the Incunable of Cursed Transfiguration
  7965 | Bailey   | Learned a level 5 spell: Blade Hands
  8040 | Bailey   | Reached skill level 5 in Short Blades
  8040 | Bailey   | Reached skill level 5 in Long Blades
  8040 | Bailey   | Reached skill level 5 in Axes
  8040 | Bailey   | Reached skill level 5 in Maces & Flails
  8040 | Bailey   | Reached skill level 5 in Polearms
  8040 | Bailey   | Reached skill level 5 in Staves
  8040 | Bailey   | Reached skill level 5 in Ranged Weapons
  8040 | Bailey   | Reached skill level 5 in Stealth
  8040 | Bailey   | Reached skill level 5 in Shields
  8040 | Bailey   | Reached skill level 5 in Evocations
  8040 | Bailey   | Reached XP level 10. HP: 47/77 MP: 15/20
  8227 | D:7      | Killed from afar by an acid dragon

Illustrated notes

Levels and vault maps discovered:
D:1:      giann_forest_graveyard, layout_basic, serial_glass, glass_columns_b,
          glass_columns_a, due_unseen_surprise, feat_on_display,
          item_on_display_b, feat_on_display
D:2:      layout_rooms, minmay_misc_feat_pillars
D:3:      layout_basic, shapermc_ecumenical_altar_venn, ebering_ghost_gozag,
          kennysheep_big_empty_room
D:4:      layout_cave_pools, old_standard_altar, marbit_many_paths,
          grunt_decor_one_mirror, uniq_sigmund
D:5:      layout_loops_ring, mainiacjoe_overflow_surrounded_room,
          minmay_temple_entry_junction, nicolae_ossuary_entry_giza,
          saegor_snake_ambush, uniq_edmund, uniq_prince_ribbit1
D:6:      layout_rooms, serial_glass, glass_columns_b, glass_columns_a
D:7:      layout_basic, mainiacjoe_overflow_two_lobes, uniq_pikel
D:8:      layout_rooms, gammafunk_temple_overflow_wave,
          ebering_ghost_inner_flame, enter_bailey_2
Temple:   nicolae_temple_ecumenical_triangle

Skill      XL: |  1  2  3  4  5  6  7  8  9 |
---------------+----------------------------+-----
Spellcasting   | 5 6 7 |  7.1
Invocations    | 1 2 3 4 5 |  5.4
Short Blades   | 1 2 3 5 |  5.0
Long Blades    | 1 2 3 5 |  5.0
Axes           | 1 2 3 5 |  5.0
Maces & Flails | 1 2 3 5 |  5.0
Polearms       | 1 2 3 5 |  5.0
Staves         | 1 2 3 5 |  5.0
Ranged Weapons | 1 2 3 5 |  5.0
Stealth        | 1 2 3 5 |  5.0
Shields        | 1 2 3 5 |  5.0
Evocations     | 1 2 3 5 |  5.0
Conjurations   | 1 2 3 4 |  4.1
Hexes          | 1 2 3 4 |  4.1
Summonings     | 1 2 3 4 |  4.1
Necromancy     | 1 2 3 4 |  4.1
Transmutations | 1 2 3 4 |  4.1
Fire Magic     | 1 2 3 4 |  4.1
Ice Magic      | 1 2 3 4 |  4.1
Air Magic      | 1 2 3 4 |  4.1
Earth Magic    | 1 2 3 4 |  4.1
Poison Magic   | 1 2 3 4 |  4.1
Throwing       | 3 4 5 |  5.6
Armour         | 3 4 5 |  5.6
Fighting       | 5 6 |  6.8
Dodging        | 5 6 |  6.8
Unarmed Combat | 5 6 |  6.8
Translocations | 6 |  6.9

Action                     |  1- 3 |  4- 6 |  7- 9 | 10-12 || total
---------------------------+-------+-------+-------+-------++-------
  Melee: Unarmed           |   113 |   277 |   498 |    31 ||   919
         Bite              |     6 |    36 |    58 |     3 ||   103
         Punch             |     7 |    10 |    27 |     2 ||    46
         Hand axe          |       |    12 |       |       ||    12
  Throw: Stone             |     3 |       |       |       ||     3
         Boomerang         |     1 |     5 |     1 |       ||     7
         Dart              |       |    13 |    22 |       ||    35
   Cast: Momentum Strike   |       |     5 |    12 |     1 ||    18
         Teleport Other    |       |     4 |     4 |       ||     8
         Stone Arrow       |       |       |     2 |       ||     2
         Blink             |       |       |     1 |       ||     1
         Blade Hands       |       |       |     1 |       ||     1
    Use: Scroll            |     4 |     5 |     7 |       ||    16
         Potion            |       |     1 |     2 |       ||     3
   Stab: Sleeping          |     1 |       |    11 |     4 ||    16
 Armour: Leather armour    |    17 |    49 |    96 |     5 ||   167
         Skin              |       |       |     3 |       ||     3
  Dodge: Dodged            |    83 |   207 |   380 |    49 ||   719

Table legend: (Time is in decaauts)
 A = Elapsed time spent in this place.
 B = Non-inter-level travel time spent in this place.
 C = Inter-level travel time spent in this place.
 D = Time resting spent in this place.
 E = Time spent auto-exploring this place.
 F = Levels seen in this place.
 G = Mean time per level.
                   A        B        C        D        E       F      G
               +--------+--------+--------+--------+--------+-----+--------+
         Total |   8912 |   8272 |    640 |   1225 |   3959 |  11 |  810.2 |
       Dungeon |   7041 |   6411 |    630 |    607 |   3703 |   8 |  880.1 |
        Temple |     85 |     75 |     10 |      0 |     38 |   1 |   85.0 |
       Ossuary |   1219 |   1219 |      0 |    556 |    121 |   1 | 1219.0 |
        Bailey |    565 |    565 |      0 |     61 |     96 |   1 |  565.0 |
               +--------+--------+--------+--------+--------+-----+--------+

Top non-repeatable levels by time:
     D:5: 1480 daAuts
 Ossuary: 1219 daAuts
     D:3: 1173 daAuts
     D:7: 1072 daAuts
     D:1: 928 daAuts
     D:6: 829 daAuts
     D:4: 727 daAuts
     D:2: 721 daAuts
  Bailey: 565 daAuts
     D:8: 109 daAuts
  Temple: 85 daAuts
